 Dungeon Crawl Stone Soup version 0.29.0-4-gdea44cf6ec (webtiles) character file.

Game seed: 5000993047577164463

233 qw the Ruffian (level 5, -4/50 HPs)
             Began as a Troll Cinder Acolyte on Aug 30, 2022.
             Was a High Priest of Ignis.
             Killed by divine providence
             ... invoked by an orc priest
              (12 damage)
             ... on level 4 of the Dungeon.
             The game lasted 00:01:35 (2866 turns).

qw the Ruffian (Troll Cinder Acolyte)               Turns: 2866, Time: 00:01:36

Health: -4/50      AC: 11    Str: 24    XL:     5   Next: 75%
Magic:  5/5        EV:  9    Int: 10    God:    Ignis [*****.]
Gold:   173        SH:  0    Dex:  5    Spells: 6/6 levels left

rFire   + . .      SeeInvis .     - Unarmed
rCold   . . .      Faith    .   (no shield)
rNeg    . . .      Spirit   .   a - +0 robe
rPois   .          Reflect  .   (helmet restricted)
rElec   .          Harm     .   (no cloak)
rCorr   .          Rampage  .   (gloves unavailable)
Will    .....                   (boots unavailable)
Stlth   +.........              (no amulet)
HPRegen 0.96/turn               (no ring)
MPRegen 0.09/turn               (no ring)

@: fiery-armoured
A: large, unfitting armour, claws 3, regeneration 1, shaggy fur 1, tough skin 1
a: Renounce Religion, Fiery Armour, Foxfire Swarm, Rising Flame


You were on level 4 of the Dungeon.
You worshipped Ignis.
Ignis was extremely pleased with you.
You visited 1 branch of the dungeon, and saw 4 of its levels.

You collected 173 gold pieces.


Innate Abilities, Weirdness & Mutations

You are too large for most types of armour.
You have claws for hands.
Your natural rate of healing is unusually fast.
You are covered in fur. (AC +1)
You have tough skin. (AC +1)


   Skills:
 - Level 2.4 Fighting
 + Level 6.5 Unarmed Combat
 - Level 1.0 Spellcasting
 - Level 2.1 Fire Magic


You had 6 spell levels left.
You didn't know any spells.
Your spell library contained the following spells:

 Spells                   Type           Power      Damage    Failure   Level
 Scorch                   Fire           8%         2d5       22%         2

Inventory:

Missiles
 j - a boomerang (quivered)
Armour
 a - a +0 robe (worn)
Jewellery
 b - a ring of fire
Scrolls
 f - a scroll of identify
 g - a scroll of immolation {unknown}
Potions
 c - a potion of haste
 d - a potion of invisibility {unknown}
 e - a potion of magic {unknown}
 h - a potion of resistance
 i - a potion of attraction {unknown}
 l - a potion of flight {unknown}
 m - 2 potions of degeneration {unknown}

Dungeon Overview and Level Annotations

Branches:
Dungeon (4/15)
 Temple: D:4-7

Altars:

Annotations:
D:4 3 runed translucent doors, qw's ghost, amateur TeWr


Message History

The orc is lightly wounded.
The orc priest miscasts a cantrip.
You claw the orc!
You kill the orc!
You scratch the white imp.
The white imp is moderately wounded.
The white imp hits you. The white imp freezes you.
The white imp is burned terribly!
The white imp is burned by your cloak of flames.
The white imp is almost dead.
You claw the white imp!
You kill the white imp!
Something hits you but does no damage. The orc priest closely misses you.
2862 ||| Stepping ~*~*~tactically~*~*~ (outnumbered).
The orc attacks as you move away! The orc hits you but does no damage.
The orc is burned by your cloak of flames.
The orc is almost dead.
The orc throws a boomerang.
The boomerang hits you.
You hear some strange, mumbled words.
You are confused.
The orc priest calls down the wrath of Beogh upon you.
Beogh smites you!
2863 ||| DRINKING potion of curing.
You feel better.
2863 ||| (to cure confusion)
The orc priest invokes the aid of Beogh against you.
Beogh smites you!
The orc priest invokes the aid of Beogh against you.
Beogh smites you!
You closely miss the orc.
The orc is almost dead.
You barely miss the orc.
The orc is almost dead.
The orc hits you with a +0 flail.
The orc is burned by your cloak of flames.
You kill the orc!
Something hits you.
You scratch the orc priest but do no damage.
The orc priest invokes the aid of Beogh against you.
Beogh smites you!
You die...

##### ..$.# ....# #.# ....# #.#
....# #.# ....#.# #.# #+#o......
#.# #@o.# #.# #..## #.##### #..#
###### #####.....####.## ......
#......##.##...# ......#####+
#......##....#.# ............
##......##..###.# #...........#
#.......'..>..... '..........##
#.##....############.........##8


You could see 2 orc priests.

Vanquished Creatures
  A hound (D:4)
  A jelly (D:4)
  Robin (D:3)
  5 adders
  A white imp (D:4)
  3 worms
  4 dart slugs
  10 orcs
  4 ball pythons
  8 bats
  6 endoplasms
  3 giant cockroaches
  12 goblins
  12 hobgoblins
  A jackal (D:3)
  4 quokkas
  4 kobolds
  2 rats
82 creatures vanquished.

Vanquished Creatures (others)
  An orc (D:4)
  6 withered plants (D:4)
7 creatures vanquished.

Grand Total: 89 creatures vanquished

Notes
Turn   | Place    | Note
-------+----------+-------------------------------------------
     0 | D:1      | qw the Troll Cinder Acolyte began the quest for the Orb.
     0 | D:1      | Reached XP level 1. HP: 22/22 MP: 1/1
     0 | D:1      | 0 ||| qw: Version: 0.1-a-95-gae9e614
     0 | D:1      | 0 ||| qw: Game counter: 4363
     0 | D:1      | 0 ||| qw: Always use a shield: true
     0 | D:1      | 0 ||| qw: God list: Okawaru
     0 | D:1      | 0 ||| qw: Allow faded altars: false
     0 | D:1      | 0 ||| qw: Do Orc after D:15 true
     0 | D:1      | 0 ||| qw: Do second Lair branch before Depths: true
     0 | D:1      | 0 ||| qw: Lair rune preference: random
     0 | D:1      | 0 ||| qw: Plans: Normal
     0 | D:1      | 0 ||| PLANNING D:1-11
    39 | D:1      | 39 ||| Stepping ~*~*~tactically~*~*~ (stealth).
    43 | D:1      | 43 ||| Stepping ~*~*~tactically~*~*~ (stealth).
    53 | D:1      | Reached XP level 2. HP: 29/29 MP: 2/2
    74 | D:1      | 74 ||| Stepping ~*~*~tactically~*~*~ (stealth).
    99 | D:1      | 99 ||| Stepping ~*~*~tactically~*~*~ (stealth).
   296 | D:1      | 296 ||| Stepping ~*~*~tactically~*~*~ (stealth).
   301 | D:1      | Reached skill level 4 in Unarmed Combat
   611 | D:1      | 611 ||| READING scroll labelled COXKOI YMET.
   612 | D:1      | 612 ||| READING scroll labelled ZUWOPR SUOJUA.
   613 | D:1      | 613 ||| READING scroll labelled SILATU ZUMISKEV.
   614 | D:1      | 614 ||| READING scroll labelled DEOCIA PISUR.
   615 | D:1      | 615 ||| DRINKING 2 pink potions.
   720 | D:1      | 720 ||| DRINKING 3 dark potions.
   762 | D:1      | 762 ||| DROPPING potion of berserk rage.
   763 | D:1      | 763 ||| DROPPING 2 potions of lignification.
   814 | D:2      | Reached XP level 3. HP: 36/36 MP: 3/3
   920 | D:2      | 920 ||| Stepping ~*~*~tactically~*~*~ (stealth).
   921 | D:2      | 921 ||| Stepping ~*~*~tactically~*~*~ (stealth).
   925 | D:2      | 925 ||| Stepping ~*~*~tactically~*~*~ (stealth).
   936 | D:2      | 936 ||| INVOKING Fiery Armour.
  1087 | D:2      | 1087 ||| Stepping ~*~*~tactically~*~*~ (stealth).
  1090 | D:2      | 1090 ||| Stepping ~*~*~tactically~*~*~ (stealth).
  1093 | D:2      | 1093 ||| Stepping ~*~*~tactically~*~*~ (stealth).
  1395 | D:2      | 1395 ||| READING 2 scrolls labelled WAWER UG OTO.
  1396 | D:2      | 1396 ||| READING scroll labelled AWKONNA ZOAT.
  1397 | D:2      | 1397 ||| READING scroll labelled XUITZIONTU.
  1398 | D:2      | 1398 ||| READING scroll labelled YSYG QEMUI.
  1435 | D:3      | Reached XP level 4. HP: 44/44 MP: 4/4
  1445 | D:3      | Reached skill level 5 in Unarmed Combat
  1525 | D:3      | 1525 ||| READING scroll labelled ASOEKUM OWELL.
  1526 | D:3      | 1526 ||| READING scroll of teleportation.
  1534 | D:3      | 1534 ||| Stepping ~*~*~tactically~*~*~ (stealth).
  1677 | D:3      | Found a faded altar of an unknown god.
  1679 | D:3      | Noticed Robin
  1680 | D:3      | 1680 ||| INVOKING Fiery Armour.
  1683 | D:3      | 1683 ||| Stepping ~*~*~tactically~*~*~ (outnumbered).
  1684 | D:3      | 1684 ||| Stepping ~*~*~tactically~*~*~ (outnumbered).
  1685 | D:3      | 1685 ||| Stepping ~*~*~tactically~*~*~ (outnumbered).
  1686 | D:3      | 1686 ||| Stepping ~*~*~tactically~*~*~ (outnumbered).
  1692 | D:3      | 1692 ||| Stepping ~*~*~tactically~*~*~ (outnumbered).
  1697 | D:3      | Killed Robin
  1721 | D:3      | 1721 ||| Stepping ~*~*~tactically~*~*~ (stealth).
  2192 | D:3      | 2192 ||| READING scroll labelled SIYPTUDUYH.
  2293 | D:3      | 2293 ||| DRINKING 2 golden potions.
  2294 | D:3      | 2294 ||| READING 2 scrolls of identify.
  2294 | D:3      | 2294 ||| IDENTIFYING blue potion
  2344 | D:4      | Reached skill level 6 in Unarmed Combat
  2344 | D:4      | Reached XP level 5. HP: 50/50 MP: 5/5
  2465 | D:4      | 2465 ||| Stepping ~*~*~tactically~*~*~ (stealth).
  2522 | D:4      | Found a runed translucent gate.
  2522 | D:4      | Found a runed translucent gate.
  2522 | D:4      | Found a runed translucent gate.
  2524 | D:4      | Noticed qw's ghost (amateur TeWr)
  2525 | D:4      | Noticed qw's ghost (amateur TeWr)
  2577 | D:4      | 2577 ||| Stepping ~*~*~tactically~*~*~ (hiding).
  2587 | D:4      | 2587 ||| FLEEEEING.
  2676 | D:4      | 2676 ||| Stepping ~*~*~tactically~*~*~ (hiding).
  2814 | D:4      | 2814 ||| Stepping ~*~*~tactically~*~*~ (stealth).
  2854 | D:4      | 2854 ||| INVOKING Fiery Armour.
  2855 | D:4      | 2855 ||| Stepping ~*~*~tactically~*~*~ (outnumbered).
  2856 | D:4      | 2856 ||| Stepping ~*~*~tactically~*~*~ (outnumbered).
  2862 | D:4      | 2862 ||| Stepping ~*~*~tactically~*~*~ (outnumbered).
  2863 | D:4      | 2863 ||| DRINKING potion of curing.
  2863 | D:4      | 2863 ||| (to cure confusion)
  2863 | D:4      | HP: 9/50 [orc priest/divine providence (14)]
  2866 | D:4      | Killed from afar by an orc priest

Levels and vault maps discovered:
D:1:      ncdulo_lavacross, layout_basic, item_on_display_a
D:2:      layout_basic
D:3:      layout_rooms, ebering_ecumenical_altar_abandoned,
          serial_co_window_serial, co_window_corner_a, co_window_cross_1,
          co_window_paths_a, co_window_paths_a, co_window_paths_b,
          co_window_unsneaky_path_e, co_window_unsneaky_path_e,
          co_window_unsneaky_path_b, co_window_broadway_c, glass_columns_a,
          glass_columns_b, glass_columns_a, glass_columns_a, minmay_bisected,
          uniq_robin
D:4:      layout_basic, gammafunk_temple_overflow_statue,
          gammafunk_ghost_cemetery, hangedman_abyss_or_decor_lesser_grid,
          grunt_ministairs_6, uniq_duvessa

Skill      XL: |  1  2  3  4 |
---------------+-------------+-----
Unarmed Combat | 4 6 |  6.5
Fighting       | |  2.4
Spellcasting   | |  1.0
Fire Magic     | |  2.1

Action                   |  1- 3 |  4- 6 || total
-------------------------+-------+-------++-------
Melee: Unarmed           |    79 |   114 ||   193
       Punch             |     1 |     2 ||     3
Throw: Boomerang         |       |    15 ||    15
Invok: Fiery Armour      |     1 |     2 ||     3
  Use: Scroll            |     8 |     4 ||    12
       Potion            |     2 |     2 ||     4
Armor: Robe              |    16 |    50 ||    66
Dodge: Dodged            |    37 |    44 ||    81

Table legend:
 A = Non-vault XP
 B = Vault XP
 C = Vault XP percentage of total XP
 D = Non-vault monster count
 E = Vault monster count
 F = Vault count percentage of total count
                 A         B        C        D         E       F
            +---------+---------+-------+---------+---------+-------
      Total |     244 |      90 |  26.9 |      63 |      19 |  23.2
            +---------+---------+-------+---------+---------+-------
        D:1 |      40 |       0 |   0.0 |      22 |       0 |   0.0
        D:2 |      46 |       0 |   0.0 |      11 |       0 |   0.0
        D:3 |      60 |      46 |  43.4 |      11 |      17 |  60.7
        D:4 |      98 |      44 |  31.0 |      19 |       2 |   9.5
            +---------+---------+-------+---------+---------+-------
